Influenza vs Ice Dragons
Created - 5 avril 2017 at 23:34
Goals
|
| Influenza |
0 |
2 |
1 |
3 |
| Ice Dragons |
1 |
2 |
2 |
5 |
|
Shots
|
| Influenza |
15 |
16 |
8 |
39 |
| Ice Dragons |
9 |
10 |
7 |
26 |
|
1st period
1. Ice Dragons , Jordan LaVallee 32 (Ian Cole) at 16:21
Penalties :
Matt Corrente (VJB) for Interference (Minor) at 1:34, Mathieu Carle (VJB) for Tripping (Minor) at 13:30
2nd period
2. Influenza , Robbie Earl 36 (Martins Karsums, Ben Smith) at 1:28
3. Influenza , Evgeny Grachev 43 (Mathieu Carle, John Klingberg) at 10:55 (PP)
4. Ice Dragons , Troy Brouwer 35 (Patrick O'Sullivan) at 11:02
5. Ice Dragons , Samuel Groulx 5 (Troy Brouwer, Patrick O'Sullivan) at 13:16
Penalties :
Martins Karsums (VJB) for Hooking (Minor) at 1:58, Samuel Groulx (Kin) for Hooking (Minor) at 4:39, Mathieu Carle (VJB) for Interference (Minor) at 5:47, Ryan Reaves (Kin) for Hooking (Minor) at 10:23, Troy Brouwer (Kin) for Roughing (Minor) at 18:05
3rd period
6. Influenza , Ben Smith 37 (John Klingberg, Ryan Russell) at 1:57
7. Ice Dragons , Alexander Urbom 1 (Brian Gionta, Patrick O'Sullivan) at 13:11
8. Ice Dragons , Brian Gionta 11 (Troy Brouwer, Patrick O'Sullivan) at 19:15 (Empty Net)
Penalties :
Ryan Reaves (Kin) for Interference (Minor) at 4:51
Goalie Stats
Thomas McCollum (VJB), 21 saves from 25 shots - (0,840), L, 30-18-4, 59:31 minutes
Justin Pogge (Kin), 36 saves from 39 shots - (0,923), W, 26-23-4, 60:00 minutes
Players Stats for Influenza
Player Name G A P +/- PIM S H SB GA TA FO MP PP MP PK MP
------------------------------------------------------------------------------------
Ben Smith 1 1 2 0 0 3 1 0 0 0 0/1 22:56 2:21 3:35
Carl Gunnarsson 0 0 0 1 0 2 0 0 0 1 2/5 22:23 3:37 2:58
Charlie Coyle 0 0 0 -2 0 1 2 0 0 0 1/2 14:13 0:00 3:02
Corey Tropp 0 0 0 -1 0 2 1 0 0 0 0/0 6:26 0:00 0:00
Evgeny Grachev 1 0 1 -1 0 5 1 0 1 0 14/28 22:15 2:14 3:01
Jamie Benn 0 0 0 -1 0 3 3 0 0 0 1/1 22:32 2:49 3:19
Jeff May 0 0 0 -1 0 0 2 0 1 0 0/0 13:55 0:00 2:52
Jeremy Morin 0 0 0 -2 0 2 1 0 1 0 1/1 11:26 0:02 0:07
John Klingberg 0 2 2 -3 0 2 0 3 0 0 0/0 28:24 3:49 3:42
Jordan Schroeder 0 0 0 -1 0 2 0 0 0 0 2/6 9:18 1:29 0:55
Martins Karsums 0 1 1 0 2 3 3 1 1 0 0/0 16:12 3:22 0:00
Mathieu Carle 0 1 1 -3 4 2 2 3 0 1 0/0 26:30 3:48 2:10
Matt Corrente 0 0 0 1 2 2 3 0 0 0 0/0 19:06 1:49 1:44
Robbie Earl 1 0 1 1 0 3 1 0 1 2 0/0 14:38 2:49 0:04
Ryan Carter 0 0 0 1 0 2 1 0 0 0 7/12 12:09 0:00 0:07
Ryan Russell 0 1 1 -1 0 2 0 0 1 0 0/0 6:26 0:00 0:00
T.J Galiardi 0 0 0 -2 0 3 1 0 0 0 1/2 11:11 0:00 0:00
Tim Erixon 0 0 0 -1 0 0 1 1 0 0 0/0 12:00 0:00 0:44
Players Stats for Ice Dragons
Player Name G A P +/- PIM S H SB GA TA FO MP PP MP PK MP
------------------------------------------------------------------------------------
Alexander Urbom 1 0 1 2 0 1 0 1 0 1 0/0 12:15 0:25 0:00
Brandon Kozun 0 0 0 0 0 1 3 3 0 0 0/0 12:52 0:21 0:00
Brian Gionta 1 1 2 3 0 5 2 0 1 0 1/3 18:40 4:03 0:41
Ian Cole 0 1 1 0 0 0 1 0 0 0 0/0 23:54 4:21 3:59
Joe Callahan 0 0 0 1 0 1 1 6 0 2 0/0 28:03 3:56 3:59
Jordan LaVallee 1 0 1 1 0 9 4 1 0 0 0/0 19:19 2:41 1:47
Kevin Connauton 0 0 0 1 0 0 1 1 0 2 0/0 17:46 0:00 0:11
Logan MacMillan 0 0 0 -1 0 0 0 0 0 1 0/0 6:56 0:36 0:00
Marek Viedensky 0 0 0 -1 0 0 1 0 0 0 1/4 7:18 0:00 0:47
Michael Latta 0 0 0 0 0 0 3 0 0 0 2/5 12:32 0:00 1:33
Patrick Davis 0 0 0 0 0 0 0 0 0 0 0/0 0:47 0:00 0:00
Patrick O'Sullivan 0 4 4 2 0 5 1 1 0 0 19/30 26:59 3:51 3:43
Petr Vrana 0 0 0 0 0 0 0 0 1 0 0/0 12:57 0:21 0:19
Ryan Reaves 0 0 0 1 4 0 0 0 0 0 0/2 17:26 2:41 0:00
Samuel Groulx 1 0 1 2 2 1 0 3 1 0 0/0 18:12 2:52 1:28
Tomas Kudelka 0 0 0 0 0 0 2 3 0 0 0/0 19:57 2:44 1:39
Troy Brouwer 1 2 3 3 2 2 0 0 1 0 1/2 20:23 3:52 2:26
Tyler Haskins 0 0 0 1 0 1 3 0 0 0 5/12 17:11 2:41 0:00
3 Stars
1 - Patrick O'Sullivan (Kin)
2 - Brian Gionta (Kin)
3 - Troy Brouwer (Kin)
Power Play
Influenza - 1 on 4 Attempt(s) - 25,00%
Ice Dragons - 0 on 4 Attempt(s) - 0,00%
Penalty Kill
Influenza - 4 on 4 Attempt(s) - 100,00%
- Score 0 goal in Penalty Kill
Ice Dragons - 3 on 4 Attempt(s) - 75,00%
- Score 0 goal in Penalty Kill
Team Stat
Influenza - Hits : 23 - Faceoff Wins : 29 - Blocked Shots : 8 - Penalty Minutes : 8
Ice Dragons - Hits : 22 - Faceoff Wins : 29 - Blocked Shots : 19 - Penalty Minutes : 8
Official
Referees : Morton Dean and Dwyer Gord
Linesman : Darren Gibbs and Brad Kovachik
Game Notes
Brian Gionta has scored in a empty net!
Finance
Level 1 -- Attendance: 1599 (79,95%) -- Ticket Income 55 965 $
Level 2 -- Attendance: 756 (75,60%) -- Ticket Income 11 340 $
Total Attendance: 2355 (78,50%)
Total Ticket Income: 67 305 $
Other Income: 3 365 $
Total Income: 70 670 $
Influenza
5 vs 5 Forward
Center Left Wing Right Wing Time % Phy DF OF
1 Evgeny Grachev Jamie Benn Ben Smith 40 1 2 2
2 Ryan Carter Robbie Earl Martins Karsums 30 1 2 2
3 Charlie Coyle T.J Galiardi Jeremy Morin 20 1 2 2
4 Jordan Schroeder Ryan Russell Corey Tropp 10 1 2 2
5 vs 5 Defense
Defense Defense Time % Phy DF OF
1 John Klingberg Mathieu Carle 40 1 2 2
2 Carl Gunnarsson Matt Corrente 30 1 2 2
3 Tim Erixon Jeff May 20 1 2 2
4 John Klingberg Mathieu Carle 10 1 2 2
PowerPlay Forward
Center Left Wing Right Wing Time % Phy DF OF
1 Carl Gunnarsson Jamie Benn Martins Karsums 60 1 2 2
2 Evgeny Grachev Robbie Earl Ben Smith 40 1 2 2
PowerPlay Defense
Defense Defense Time % Phy DF OF
1 John Klingberg Mathieu Carle 60 1 2 2
2 Carl Gunnarsson Matt Corrente 40 1 2 2
Penalty Kill 4 Players Forward
Center Wing Time % Phy DF OF
1 Evgeny Grachev Ben Smith 60 1 2 2
2 Charlie Coyle Jamie Benn 40 1 2 2
Penalty Kill 4 Players Defense
Defense Defense Time % Phy DF OF
1 John Klingberg Mathieu Carle 60 1 2 2
2 Carl Gunnarsson Matt Corrente 40 1 2 2
Penalty Kill - 3 Players Forward
Forward Time % Phy DF OF
1 Evgeny Grachev 60 1 2 2
2 Charlie Coyle 40 1 2 2
Penalty Kill - 3 Players Defense
Defense Defense Time % Phy DF OF
1 John Klingberg Mathieu Carle 60 1 2 2
2 Carl Gunnarsson Matt Corrente 40 1 2 2
4 vs 4 Forward
Center Wing Time % Phy DF OF
1 Evgeny Grachev Ben Smith 60 1 2 2
2 Ryan Carter Jamie Benn 40 1 2 2
4 vs 4 Defense
Defense Defense Time % Phy DF OF
1 John Klingberg Mathieu Carle 60 1 2 2
2 Carl Gunnarsson Matt Corrente 40 1 2 2
Last Minutes Offensive
Center Left Wing Right Wing Defense Defense
Evgeny Grachev Jamie Benn Martins Karsums John Klingberg Mathieu Carle
Last Minutes Defensive
Center Left Wing Right Wing Defense Defense
Charlie Coyle Robbie Earl Ben Smith John Klingberg Mathieu Carle
Goaltenders
Starting : Thomas McCollum
Backup : Olivier Roy
Extra Forwards
Normal : Ryan Carter, Ben Smith, Jeremy Morin - PP : Evgeny Grachev, Ben Smith - PK : Charlie Coyle
Extra Defensemen
Normal : Carl Gunnarsson, John Klingberg, Matt Corrente - PP : Carl Gunnarsson - PK : Carl Gunnarsson, Mathieu Carle
Penalty Shots
Jamie Benn, Robbie Earl, Ryan Carter, John Klingberg, Evgeny Grachev
Ice Dragons
5 vs 5 Forward
Center Left Wing Right Wing Time % Phy DF OF
1 Patrick O'Sullivan Troy Brouwer Brian Gionta 40 2 2 1
2 Tyler Haskins Jordan LaVallee Ryan Reaves 30 2 2 1
3 Michael Latta Petr Vrana Brandon Kozun 20 2 2 1
4 Marek Viedensky Logan MacMillan Patrick O'Sullivan 10 2 2 1
5 vs 5 Defense
Defense Defense Time % Phy DF OF
1 Joe Callahan Kevin Connauton 40 2 2 1
2 Tomas Kudelka Ian Cole 30 2 2 1
3 Samuel Groulx Alexander Urbom 20 2 2 1
4 Samuel Groulx Joe Callahan 10 2 2 1
PowerPlay Forward
Center Left Wing Right Wing Time % Phy DF OF
1 Patrick O'Sullivan Troy Brouwer Brian Gionta 60 1 1 3
2 Tyler Haskins Jordan LaVallee Ryan Reaves 40 1 1 3
PowerPlay Defense
Defense Defense Time % Phy DF OF
1 Joe Callahan Ian Cole 60 2 1 2
2 Samuel Groulx Tomas Kudelka 40 2 1 2
Penalty Kill 4 Players Forward
Center Wing Time % Phy DF OF
1 Patrick O'Sullivan Troy Brouwer 60 2 3 0
2 Jordan LaVallee Brian Gionta 40 2 3 0
Penalty Kill 4 Players Defense
Defense Defense Time % Phy DF OF
1 Joe Callahan Ian Cole 60 2 3 0
2 Samuel Groulx Tomas Kudelka 40 2 3 0
Penalty Kill - 3 Players Forward
Forward Time % Phy DF OF
1 Patrick O'Sullivan 60 1 4 0
2 Troy Brouwer 40 1 4 0
Penalty Kill - 3 Players Defense
Defense Defense Time % Phy DF OF
1 Joe Callahan Ian Cole 60 1 4 0
2 Samuel Groulx Tomas Kudelka 40 1 4 0
4 vs 4 Forward
Center Wing Time % Phy DF OF
1 Patrick O'Sullivan Troy Brouwer 60 2 2 1
2 Jordan LaVallee Brian Gionta 40 2 2 1
4 vs 4 Defense
Defense Defense Time % Phy DF OF
1 Joe Callahan Kevin Connauton 60 2 2 1
2 Samuel Groulx Ian Cole 40 2 2 1
Last Minutes Offensive
Center Left Wing Right Wing Defense Defense
Patrick O'Sullivan Troy Brouwer Brian Gionta Joe Callahan Ian Cole
Last Minutes Defensive
Center Left Wing Right Wing Defense Defense
Patrick O'Sullivan Troy Brouwer Brian Gionta Joe Callahan Tomas Kudelka
Goaltenders
Starting : Justin Pogge
Backup : Anders Nilsson
Extra Forwards
Normal : Brandon Kozun, Petr Vrana, Patrick Davis - PP : Logan MacMillan, Petr Vrana - PK : Michael Latta
Extra Defensemen
Normal : Kevin Connauton, Samuel Groulx, Alexander Urbom - PP : Samuel Groulx - PK : Tomas Kudelka, Kevin Connauton
Penalty Shots
Patrick O'Sullivan, Troy Brouwer, Jordan LaVallee, Brian Gionta, Petr Vrana
% Time on Ice - Influenza
Lines # - Real PCT - Wanted PCT - Time Play
Normal Forward
1 - 36% - 40% - 16:41
2 - 25% - 30% - 11:44
3 - 24% - 20% - 11:11
4 - 14% - 10% - 6:26
Normal Defense
1 - 39% - 40% - 17:52
2 - 32% - 30% - 14:54
3 - 24% - 20% - 11:12
4 - 4% - 10% - 2:04
PP Forward
1 - 60% - 60% - 3:24
2 - 40% - 40% - 2:14
PP Defense
1 - 68% - 60% - 3:49
2 - 32% - 40% - 1:49
PK Forward
1 - 63% - 60% - 4:28
2 - 37% - 40% - 2:37
PK Defense
1 - 60% - 60% - 4:15
2 - 40% - 40% - 2:50
PK3 Forward
1 - 0% - 60%
2 - 0% - 40%
PK3 Defense
1 - 0% - 60%
2 - 0% - 40%
44 Forward
1 - 100% - 60% - 0:51
2 - 0% - 40% - 0:00
44 Defense
1 - 100% - 60% - 0:51
2 - 0% - 40% - 0:00
Last Minute Offensive - 0:24
Last Minute Defensive - 0:00
Total
Forward - 60:00
Defense - 60:00
|
% Time on Ice - Ice Dragons
Lines # - Real PCT - Wanted PCT - Time Play
Normal Forward
1 - 30% - 40% - 13:54
2 - 33% - 30% - 15:19
3 - 23% - 20% - 10:43
4 - 13% - 10% - 6:07
Normal Defense
1 - 40% - 40% - 18:16
2 - 32% - 30% - 14:44
3 - 23% - 20% - 10:31
4 - 6% - 10% - 2:32
PP Forward
1 - 62% - 60% - 4:24
2 - 38% - 40% - 2:41
PP Defense
1 - 56% - 60% - 3:56
2 - 44% - 40% - 3:09
PK Forward
1 - 88% - 60% - 4:57
2 - 12% - 40% - 0:41
PK Defense
1 - 71% - 60% - 3:59
2 - 29% - 40% - 1:39
PK3 Forward
1 - 0% - 60%
2 - 0% - 40%
PK3 Defense
1 - 0% - 60%
2 - 0% - 40%
44 Forward
1 - 71% - 60% - 0:36
2 - 29% - 40% - 0:15
44 Defense
1 - 71% - 60% - 0:36
2 - 29% - 40% - 0:15
Last Minute Offensive - 0:00
Last Minute Defensive - 0:23
Total
Forward - 60:00
Defense - 60:00
|
Play by Play
1st period
0:01 of 1st period - Evgeny Grachev wins face-off versus Patrick O'Sullivan in neutral zone.
0:26 of 1st period - Robbie Earl is hit by Jordan LaVallee and loses puck.
1:34 of 1st period - Minor Penalty to Matt Corrente for Interference.
1:35 of 1st period - Evgeny Grachev wins face-off versus Patrick O'Sullivan in Influenza zone.
1:44 of 1st period - Snap shot by Patrick O'Sullivan.
1:44 of 1st period - Stopped by Thomas McCollum with a rebound.
1:46 of 1st period - Snap shot by Patrick O'Sullivan.
1:46 of 1st period - Stopped by Thomas McCollum with a rebound.
2:36 of 1st period - Tyler Haskins is hit by Charlie Coyle and loses puck.
3:34 of 1st period - Penalty to Matt Corrente is over, Matt Corrente is back on ice.
3:45 of 1st period - Matt Corrente is hit by Tomas Kudelka and loses puck.
4:02 of 1st period - Slapshot by Matt Corrente.
4:02 of 1st period - Deflect By T.J Galiardi.
4:02 of 1st period - Shot Misses the Net.
4:02 of 1st period - Puck is out of play.
4:03 of 1st period - Ryan Carter wins face-off versus Michael Latta in Ice Dragons zone.
4:04 of 1st period - Slapshot by Robbie Earl.
4:04 of 1st period - Shot Misses the Net.
4:10 of 1st period - Snap shot by Ryan Carter.
4:10 of 1st period - Shot Blocked by Brandon Kozun.
4:12 of 1st period - Wrist shot by Ryan Carter.
4:12 of 1st period - Stopped by Justin Pogge with a rebound.
4:28 of 1st period - Joe Callahan is hit by Jeremy Morin and loses puck.
4:56 of 1st period - Patrick O'Sullivan is hit by Evgeny Grachev and loses puck.
5:09 of 1st period - Wrist shot by Jordan Schroeder.
5:09 of 1st period - Stopped by Justin Pogge with a rebound.
5:11 of 1st period - Snap shot by Ryan Russell.
5:11 of 1st period - Stopped by Justin Pogge without a rebound.
5:12 of 1st period - Jordan Schroeder wins face-off versus Michael Latta in Ice Dragons zone.
5:17 of 1st period - Slapshot by John Klingberg.
5:17 of 1st period - Stopped by Justin Pogge without a rebound.
5:18 of 1st period - Evgeny Grachev wins face-off versus Tyler Haskins in Ice Dragons zone.
5:19 of 1st period - Snap shot by Ben Smith.
5:19 of 1st period - Stopped by Justin Pogge without a rebound.
5:20 of 1st period - Tyler Haskins wins face-off versus Evgeny Grachev in Ice Dragons zone.
5:25 of 1st period - Jordan LaVallee is hit by Ben Smith and loses puck.
5:36 of 1st period - Snap shot by Jamie Benn.
5:36 of 1st period - Shot Blocked by Tomas Kudelka.
5:56 of 1st period - Mathieu Carle is hit by Tomas Kudelka and loses puck.
6:01 of 1st period - Slapshot by Jordan LaVallee.
6:01 of 1st period - Deflect By Tyler Haskins.
6:01 of 1st period - Stopped by Thomas McCollum without a rebound.
6:02 of 1st period - Troy Brouwer wins face-off versus Evgeny Grachev in Influenza zone.
6:03 of 1st period - Wrist shot by Patrick O'Sullivan.
6:03 of 1st period - Stopped by Thomas McCollum with a rebound.
6:08 of 1st period - Off-side.
6:09 of 1st period - Patrick O'Sullivan wins face-off versus Evgeny Grachev in neutral zone.
6:11 of 1st period - Off-side.
6:12 of 1st period - Patrick O'Sullivan wins face-off versus Evgeny Grachev in neutral zone.
6:47 of 1st period - Wrist shot by Evgeny Grachev.
6:47 of 1st period - Shot Hit the Post.
6:49 of 1st period - Wrist shot by Ben Smith.
6:49 of 1st period - Shot Misses the Net.
6:51 of 1st period - Snap shot by Jamie Benn.
6:51 of 1st period - Deflect By Evgeny Grachev.
6:51 of 1st period - Stopped by Justin Pogge with a rebound.
6:53 of 1st period - Slapshot by Matt Corrente.
6:53 of 1st period - Shot Blocked by Joe Callahan.
6:55 of 1st period - Snap shot by Jamie Benn.
6:55 of 1st period - Stopped by Justin Pogge with a rebound.
7:29 of 1st period - Slapshot by Troy Brouwer.
7:29 of 1st period - Shot Misses the Net.
7:38 of 1st period - Icing by Matt Corrente.
7:39 of 1st period - Evgeny Grachev wins face-off versus Tyler Haskins in Influenza zone.
7:54 of 1st period - Snap shot by Evgeny Grachev.
7:54 of 1st period - Shot Misses the Net.
7:56 of 1st period - Snap shot by Matt Corrente.
7:56 of 1st period - Shot Misses the Net.
7:58 of 1st period - Slapshot by Matt Corrente.
7:58 of 1st period - Stopped by Justin Pogge without a rebound.
7:59 of 1st period - Michael Latta wins face-off versus Ryan Carter in Ice Dragons zone.
9:07 of 1st period - Martins Karsums is hit by Tyler Haskins and loses puck.
11:01 of 1st period - Icing by Ben Smith.
11:02 of 1st period - Patrick O'Sullivan wins face-off versus T.J Galiardi in Influenza zone.
11:03 of 1st period - Wrist shot by Troy Brouwer.
11:03 of 1st period - Shot Blocked by John Klingberg.
11:05 of 1st period - Snap shot by Patrick O'Sullivan.
11:05 of 1st period - Shot Blocked by Mathieu Carle.
11:07 of 1st period - Backhand shot by Brian Gionta.
11:07 of 1st period - Stopped by Thomas McCollum with a rebound.
11:09 of 1st period - Slapshot by Ian Cole.
11:09 of 1st period - Shot Blocked by Mathieu Carle.
11:48 of 1st period - Wrist shot by Robbie Earl.
11:48 of 1st period - Shot Misses the Net.
12:21 of 1st period - Jordan LaVallee is hit by Matt Corrente and loses puck.
12:34 of 1st period - Backhand shot by Michael Latta.
12:34 of 1st period - Shot Misses the Net.
13:04 of 1st period - Slapshot by Jeremy Morin.
13:04 of 1st period - Shot Blocked by Samuel Groulx.
13:06 of 1st period - Wrist shot by Charlie Coyle.
13:06 of 1st period - Shot Misses the Net.
13:08 of 1st period - Snap shot by Jeremy Morin.
13:08 of 1st period - Stopped by Justin Pogge without a rebound.
13:09 of 1st period - Patrick O'Sullivan wins face-off versus Evgeny Grachev in Ice Dragons zone.
13:30 of 1st period - Minor Penalty to Mathieu Carle for Tripping.
13:31 of 1st period - Patrick O'Sullivan wins face-off versus Evgeny Grachev in Influenza zone.
13:56 of 1st period - Ben Smith is hit by Jordan LaVallee and loses puck.
15:30 of 1st period - Penalty to Mathieu Carle is over, Mathieu Carle is back on ice.
15:36 of 1st period - Slapshot by Mathieu Carle.
15:36 of 1st period - Stopped by Justin Pogge with a rebound.
15:38 of 1st period - Wrist shot by Mathieu Carle.
15:38 of 1st period - Stopped by Justin Pogge with a rebound.
15:40 of 1st period - Backhand shot by Matt Corrente.
15:40 of 1st period - Shot Blocked by Brandon Kozun.
15:42 of 1st period - Slapshot by Ben Smith.
15:42 of 1st period - Stopped by Justin Pogge without a rebound.
15:43 of 1st period - Michael Latta wins face-off versus Ryan Carter in Ice Dragons zone.
16:19 of 1st period - Slapshot by Jordan LaVallee.
16:19 of 1st period - Shot Blocked by John Klingberg.
16:21 of 1st period - Wrist shot by Jordan LaVallee.
16:21 of 1st period - Goal by Jordan LaVallee - Influenza : 0 - Ice Dragons : 1.
16:22 of 1st period - Ryan Carter wins face-off versus Patrick O'Sullivan in neutral zone.
16:27 of 1st period - Snap shot by Robbie Earl.
16:27 of 1st period - Shot Blocked by Joe Callahan.
17:00 of 1st period - Snap shot by Tyler Haskins.
17:00 of 1st period - Shot Misses the Net.
17:33 of 1st period - Snap shot by Corey Tropp.
17:33 of 1st period - Stopped by Justin Pogge without a rebound.
17:34 of 1st period - Tyler Haskins wins face-off versus Jordan Schroeder in Ice Dragons zone.
17:41 of 1st period - Snap shot by Jordan Schroeder.
17:41 of 1st period - Stopped by Justin Pogge with a rebound.
17:43 of 1st period - Slapshot by Mathieu Carle.
17:43 of 1st period - Shot Blocked by Jordan LaVallee.
17:45 of 1st period - Snap shot by Corey Tropp.
17:45 of 1st period - Stopped by Justin Pogge without a rebound.
17:46 of 1st period - Brian Gionta wins face-off versus Evgeny Grachev in Ice Dragons zone.
17:51 of 1st period - Snap shot by Troy Brouwer.
17:51 of 1st period - Stopped by Thomas McCollum with a rebound.
17:57 of 1st period - Brian Gionta is hit by Jamie Benn and loses puck.
18:12 of 1st period - Mathieu Carle is hit by Jordan LaVallee and loses puck.
18:21 of 1st period - Snap shot by Robbie Earl.
18:21 of 1st period - Shot Misses the Net.
18:39 of 1st period - Wrist shot by Brandon Kozun.
18:39 of 1st period - Stopped by Thomas McCollum without a rebound.
18:40 of 1st period - Evgeny Grachev wins face-off versus Brian Gionta in Influenza zone.
18:53 of 1st period - Wrist shot by Brian Gionta.
18:53 of 1st period - Stopped by Thomas McCollum with a rebound.
19:17 of 1st period - Wrist shot by Jordan LaVallee.
19:17 of 1st period - Shot Blocked by Tim Erixon.
19:31 of 1st period - Martins Karsums is hit by Michael Latta and loses puck.
Goals for this period are 0 for Influenza vs 1 for Ice Dragons.
Shots for this period are 15 for Influenza vs 9 for Ice Dragons.
2nd period
0:01 of 2nd period - Evgeny Grachev wins face-off versus Brian Gionta in neutral zone.
0:12 of 2nd period - Slapshot by Brian Gionta.
0:12 of 2nd period - Shot Misses the Net.
0:33 of 2nd period - Snap shot by Ryan Carter.
0:33 of 2nd period - Shot Misses the Net.
0:35 of 2nd period - Snap shot by Martins Karsums.
0:35 of 2nd period - Stopped by Justin Pogge without a rebound.
0:36 of 2nd period - Evgeny Grachev wins face-off versus Tyler Haskins in Ice Dragons zone.
0:52 of 2nd period - Evgeny Grachev is hit by Jordan LaVallee and loses puck.
1:03 of 2nd period - Evgeny Grachev is hit by Michael Latta and loses puck.
1:26 of 2nd period - Snap shot by Martins Karsums.
1:26 of 2nd period - Shot Blocked by Samuel Groulx.
1:28 of 2nd period - Snap shot by Robbie Earl.
1:28 of 2nd period - Goal by Robbie Earl - Influenza : 1 - Ice Dragons : 1.
1:29 of 2nd period - Patrick O'Sullivan wins face-off versus Ryan Carter in neutral zone.
1:32 of 2nd period - Snap shot by Patrick O'Sullivan.
1:32 of 2nd period - Shot Misses the Net.
1:34 of 2nd period - Slapshot by Kevin Connauton.
1:34 of 2nd period - Shot Blocked by Martins Karsums.
1:36 of 2nd period - Snap shot by Brian Gionta.
1:36 of 2nd period - Stopped by Thomas McCollum without a rebound.
1:37 of 2nd period - Patrick O'Sullivan wins face-off versus Ryan Carter in Influenza zone.
1:42 of 2nd period - Wrist shot by Troy Brouwer.
1:42 of 2nd period - Shot Misses the Net.
1:44 of 2nd period - Wrist shot by Joe Callahan.
1:44 of 2nd period - Shot Misses the Net.
1:58 of 2nd period - Minor Penalty to Martins Karsums for Hooking.
1:59 of 2nd period - Patrick O'Sullivan wins face-off versus Evgeny Grachev in Influenza zone.
3:34 of 2nd period - Wrist shot by Patrick O'Sullivan.
3:34 of 2nd period - Stopped by Thomas McCollum with a rebound.
3:36 of 2nd period - Snap shot by Joe Callahan.
3:36 of 2nd period - Stopped by Thomas McCollum without a rebound.
3:37 of 2nd period - Tyler Haskins wins face-off versus Jordan Schroeder in Influenza zone.
3:52 of 2nd period - Snap shot by Tyler Haskins.
3:52 of 2nd period - Shot Misses the Net.
3:58 of 2nd period - Penalty to Martins Karsums is over, Martins Karsums is back on ice.
4:02 of 2nd period - Mathieu Carle is hit by Michael Latta.
4:08 of 2nd period - Slapshot by John Klingberg.
4:08 of 2nd period - Stopped by Justin Pogge with a rebound.
4:10 of 2nd period - Backhand shot by Jordan Schroeder.
4:10 of 2nd period - Shot Blocked by Samuel Groulx.
4:18 of 2nd period - Wrist shot by Martins Karsums.
4:18 of 2nd period - Stopped by Justin Pogge with a rebound.
4:20 of 2nd period - Wrist shot by Martins Karsums.
4:20 of 2nd period - Stopped by Justin Pogge without a rebound.
4:21 of 2nd period - Jeremy Morin wins face-off versus Ryan Reaves in Ice Dragons zone.
4:26 of 2nd period - Backhand shot by Jeremy Morin.
4:26 of 2nd period - Shot Misses the Net.
4:28 of 2nd period - Slapshot by Charlie Coyle.
4:28 of 2nd period - Stopped by Justin Pogge with a rebound.
4:30 of 2nd period - Wrist shot by Matt Corrente.
4:30 of 2nd period - Deflect By T.J Galiardi.
4:30 of 2nd period - Stopped by Justin Pogge without a rebound.
4:31 of 2nd period - Charlie Coyle wins face-off versus Tyler Haskins in Ice Dragons zone.
4:39 of 2nd period - Minor Penalty to Samuel Groulx for Hooking.
4:40 of 2nd period - Carl Gunnarsson wins face-off versus Patrick O'Sullivan in Ice Dragons zone.
4:44 of 2nd period - Snap shot by Jamie Benn.
4:44 of 2nd period - Stopped by Justin Pogge with a rebound.
5:04 of 2nd period - Joe Callahan is hit by Robbie Earl and loses puck.
5:23 of 2nd period - Patrick O'Sullivan is hit by Martins Karsums and loses puck.
5:47 of 2nd period - Minor Penalty to Mathieu Carle for Interference.
5:48 of 2nd period - Evgeny Grachev wins face-off versus Patrick O'Sullivan in Influenza zone.
6:14 of 2nd period - Evgeny Grachev is hit by Brian Gionta and loses puck.
6:39 of 2nd period - Penalty to Samuel Groulx is over, Samuel Groulx is back on ice.
6:52 of 2nd period - Snap shot by Jordan LaVallee.
6:52 of 2nd period - Stopped by Thomas McCollum with a rebound.
7:47 of 2nd period - Penalty to Mathieu Carle is over, Mathieu Carle is back on ice.
8:03 of 2nd period - Robbie Earl is hit by Brandon Kozun and loses puck.
8:27 of 2nd period - Michael Latta is hit by Mathieu Carle and loses puck.
8:45 of 2nd period - Carl Gunnarsson is hit by Tyler Haskins and loses puck.
8:56 of 2nd period - Patrick O'Sullivan is hit by Martins Karsums and loses puck.
9:54 of 2nd period - Snap shot by Jordan LaVallee.
9:54 of 2nd period - Stopped by Thomas McCollum without a rebound.
9:55 of 2nd period - Jordan Schroeder wins face-off versus Tyler Haskins in Influenza zone.
9:55 of 2nd period - Jordan Schroeder is hit by Tyler Haskins.
10:00 of 2nd period - Off-side.
10:01 of 2nd period - Evgeny Grachev wins face-off versus Tyler Haskins in neutral zone.
10:23 of 2nd period - Minor Penalty to Ryan Reaves for Hooking.
10:24 of 2nd period - Carl Gunnarsson wins face-off versus Patrick O'Sullivan in Ice Dragons zone.
10:33 of 2nd period - Snap shot by Martins Karsums.
10:33 of 2nd period - Shot Blocked by Joe Callahan.
10:35 of 2nd period - Snap shot by Jamie Benn.
10:35 of 2nd period - Stopped by Justin Pogge without a rebound.
10:36 of 2nd period - Patrick O'Sullivan wins face-off versus Carl Gunnarsson in Ice Dragons zone.
10:55 of 2nd period - Snap shot by Evgeny Grachev.
10:55 of 2nd period - Goal by Evgeny Grachev - Influenza : 2 - Ice Dragons : 1.
10:56 of 2nd period - Patrick O'Sullivan wins face-off versus Ben Smith in neutral zone.
11:00 of 2nd period - Icing by Jamie Benn.
11:01 of 2nd period - Patrick O'Sullivan wins face-off versus Evgeny Grachev in Influenza zone.
11:02 of 2nd period - Snap shot by Troy Brouwer.
11:02 of 2nd period - Goal by Troy Brouwer - Influenza : 2 - Ice Dragons : 2.
11:03 of 2nd period - Patrick O'Sullivan wins face-off versus Evgeny Grachev in neutral zone.
11:08 of 2nd period - Slapshot by Troy Brouwer.
11:08 of 2nd period - Shot Blocked by John Klingberg.
11:30 of 2nd period - Ryan Carter is hit by Joe Callahan and loses puck.
11:39 of 2nd period - Wrist shot by Robbie Earl.
11:39 of 2nd period - Stopped by Justin Pogge with a rebound.
12:09 of 2nd period - Patrick O'Sullivan is hit by Matt Corrente and loses puck.
12:32 of 2nd period - Ian Cole is hit by Jamie Benn.
13:14 of 2nd period - Wrist shot by Troy Brouwer.
13:14 of 2nd period - Shot Misses the Net.
13:16 of 2nd period - Slapshot by Samuel Groulx.
13:16 of 2nd period - Goal by Samuel Groulx - Influenza : 2 - Ice Dragons : 3.
13:17 of 2nd period - Jamie Benn wins face-off versus Troy Brouwer in neutral zone.
14:00 of 2nd period - Icing by Martins Karsums.
14:01 of 2nd period - T.J Galiardi wins face-off versus Michael Latta in Influenza zone.
14:48 of 2nd period - Off-side.
14:49 of 2nd period - Tyler Haskins wins face-off versus Ryan Carter in neutral zone.
15:14 of 2nd period - Wrist shot by Evgeny Grachev.
15:14 of 2nd period - Shot Blocked by Tomas Kudelka.
15:18 of 2nd period - Snap shot by Evgeny Grachev.
15:18 of 2nd period - Stopped by Justin Pogge without a rebound.
15:19 of 2nd period - Evgeny Grachev wins face-off versus Patrick O'Sullivan in Ice Dragons zone.
15:24 of 2nd period - Wrist shot by Ben Smith.
15:24 of 2nd period - Shot Blocked by Joe Callahan.
15:26 of 2nd period - Wrist shot by Evgeny Grachev.
15:26 of 2nd period - Shot Blocked by Joe Callahan.
15:28 of 2nd period - Wrist shot by Ben Smith.
15:28 of 2nd period - Deflect By Brian Gionta.
15:28 of 2nd period - Shot Blocked by Patrick O'Sullivan.
15:28 of 2nd period - Puck is out of play.
15:29 of 2nd period - Patrick O'Sullivan wins face-off versus Evgeny Grachev in Ice Dragons zone.
15:38 of 2nd period - Snap shot by Evgeny Grachev.
15:38 of 2nd period - Stopped by Justin Pogge without a rebound.
15:39 of 2nd period - Evgeny Grachev wins face-off versus Patrick O'Sullivan in Ice Dragons zone.
16:08 of 2nd period - Icing by Mathieu Carle.
16:09 of 2nd period - Tyler Haskins wins face-off versus Evgeny Grachev in Influenza zone.
16:45 of 2nd period - Ryan Reaves is hit by Mathieu Carle and loses puck.
17:22 of 2nd period - Snap shot by Jordan LaVallee.
17:22 of 2nd period - Stopped by Thomas McCollum with a rebound.
17:42 of 2nd period - Snap shot by Jordan LaVallee.
17:42 of 2nd period - Stopped by Thomas McCollum without a rebound.
17:43 of 2nd period - Ryan Carter wins face-off versus Patrick O'Sullivan in Influenza zone.
17:48 of 2nd period - Slapshot by Carl Gunnarsson.
17:48 of 2nd period - Stopped by Justin Pogge with a rebound.
17:50 of 2nd period - Wrist shot by Ryan Carter.
17:50 of 2nd period - Stopped by Justin Pogge with a rebound.
17:52 of 2nd period - Slapshot by Carl Gunnarsson.
17:52 of 2nd period - Shot Blocked by Kevin Connauton.
17:54 of 2nd period - Wrist shot by Ryan Carter.
17:54 of 2nd period - Shot Misses the Net.
17:56 of 2nd period - Slapshot by Robbie Earl.
17:56 of 2nd period - Stopped by Justin Pogge without a rebound.
17:57 of 2nd period - Ryan Carter wins face-off versus Patrick O'Sullivan in Ice Dragons zone.
18:05 of 2nd period - Minor Penalty to Troy Brouwer for Roughing.
18:06 of 2nd period - Patrick O'Sullivan wins face-off versus Jordan Schroeder in Ice Dragons zone.
18:14 of 2nd period - Snap shot by Patrick O'Sullivan.
18:14 of 2nd period - Stopped by Thomas McCollum without a rebound.
18:15 of 2nd period - Patrick O'Sullivan wins face-off versus Jordan Schroeder in Influenza zone.
19:32 of 2nd period - Matt Corrente is hit by Ian Cole and loses puck.
Goals for this period are 2 for Influenza vs 2 for Ice Dragons.
Shots for this period are 16 for Influenza vs 10 for Ice Dragons.
3rd period
0:01 of 3rd period - Patrick O'Sullivan wins face-off versus Carl Gunnarsson in neutral zone.
0:05 of 3rd period - Penalty to Troy Brouwer is over, Troy Brouwer is back on ice.
0:16 of 3rd period - Slapshot by Martins Karsums.
0:16 of 3rd period - Shot Misses the Net.
1:21 of 3rd period - Snap shot by Tyler Haskins.
1:21 of 3rd period - Shot Misses the Net.
1:57 of 3rd period - Slapshot by Ben Smith.
1:57 of 3rd period - Goal by Ben Smith - Influenza : 3 - Ice Dragons : 3.
1:58 of 3rd period - Ryan Carter wins face-off versus Tyler Haskins in neutral zone.
2:11 of 3rd period - Snap shot by Jordan LaVallee.
2:11 of 3rd period - Stopped by Thomas McCollum with a rebound.
2:13 of 3rd period - Slapshot by Tyler Haskins.
2:13 of 3rd period - Shot Misses the Net.
2:32 of 3rd period - Slapshot by Ian Cole.
2:32 of 3rd period - Shot Blocked by Mathieu Carle.
3:24 of 3rd period - Icing by Patrick O'Sullivan.
3:25 of 3rd period - Ryan Carter wins face-off versus Marek Viedensky in Ice Dragons zone.
4:35 of 3rd period - Samuel Groulx is hit by Jeff May and loses puck.
4:42 of 3rd period - Wrist shot by Martins Karsums.
4:42 of 3rd period - Shot Blocked by Alexander Urbom.
4:44 of 3rd period - Slapshot by Matt Corrente.
4:44 of 3rd period - Deflect By Brian Gionta.
4:44 of 3rd period - Stopped by Justin Pogge without a rebound.
4:45 of 3rd period - Evgeny Grachev wins face-off versus Ryan Reaves in Ice Dragons zone.
4:51 of 3rd period - Minor Penalty to Ryan Reaves for Interference.
4:52 of 3rd period - Patrick O'Sullivan wins face-off versus Carl Gunnarsson in Ice Dragons zone.
5:25 of 3rd period - Slapshot by Brian Gionta.
5:25 of 3rd period - Deflect By Jordan LaVallee.
5:25 of 3rd period - Stopped by Thomas McCollum with a rebound.
5:31 of 3rd period - Slapshot by Jordan LaVallee.
5:31 of 3rd period - Stopped by Thomas McCollum with a rebound.
6:51 of 3rd period - Penalty to Ryan Reaves is over, Ryan Reaves is back on ice.
7:08 of 3rd period - Wrist shot by Jeremy Morin.
7:08 of 3rd period - Shot Misses the Net.
9:31 of 3rd period - T.J Galiardi is hit by Brian Gionta and loses puck.
9:42 of 3rd period - Carl Gunnarsson is hit by Brandon Kozun and loses puck.
10:05 of 3rd period - Snap shot by Ryan Russell.
10:05 of 3rd period - Stopped by Justin Pogge without a rebound.
10:06 of 3rd period - Evgeny Grachev wins face-off versus Marek Viedensky in Ice Dragons zone.
10:19 of 3rd period - Slapshot by John Klingberg.
10:19 of 3rd period - Deflect By Evgeny Grachev.
10:19 of 3rd period - Stopped by Justin Pogge with a rebound.
11:07 of 3rd period - Snap shot by T.J Galiardi.
11:07 of 3rd period - Stopped by Justin Pogge with a rebound.
11:24 of 3rd period - Tomas Kudelka is hit by Corey Tropp and loses puck.
11:53 of 3rd period - Icing by John Klingberg.
11:54 of 3rd period - Evgeny Grachev wins face-off versus Marek Viedensky in Influenza zone.
11:58 of 3rd period - Off-side.
11:59 of 3rd period - Marek Viedensky wins face-off versus Evgeny Grachev in neutral zone.
12:07 of 3rd period - Carl Gunnarsson is hit by Marek Viedensky and loses puck.
12:24 of 3rd period - Tyler Haskins is hit by Martins Karsums and loses puck.
12:53 of 3rd period - Wrist shot by Jeremy Morin.
12:53 of 3rd period - Stopped by Justin Pogge with a rebound.
13:09 of 3rd period - Slapshot by Brian Gionta.
13:09 of 3rd period - Stopped by Thomas McCollum with a rebound.
13:11 of 3rd period - Slapshot by Alexander Urbom.
13:11 of 3rd period - Goal by Alexander Urbom - Influenza : 3 - Ice Dragons : 4.
13:12 of 3rd period - Patrick O'Sullivan wins face-off versus Evgeny Grachev in neutral zone.
13:19 of 3rd period - Mathieu Carle is hit by Patrick O'Sullivan and loses puck.
13:42 of 3rd period - Matt Corrente is hit by Kevin Connauton and loses puck.
13:45 of 3rd period - Slapshot by Carl Gunnarsson.
13:45 of 3rd period - Stopped by Justin Pogge without a rebound.
13:46 of 3rd period - Ryan Carter wins face-off versus Patrick O'Sullivan in Ice Dragons zone.
13:47 of 3rd period - Wrist shot by Martins Karsums.
13:47 of 3rd period - Shot Blocked by Tomas Kudelka.
14:11 of 3rd period - Ryan Carter is hit by Brandon Kozun and loses puck.
14:34 of 3rd period - Wrist shot by Jordan LaVallee.
14:34 of 3rd period - Stopped by Thomas McCollum with a rebound.
16:09 of 3rd period - Jordan LaVallee is hit by Jeff May and loses puck.
17:18 of 3rd period - Kevin Connauton is hit by Charlie Coyle and loses puck.
17:50 of 3rd period - Petr Vrana is hit by Matt Corrente and loses puck.
17:55 of 3rd period - Wrist shot by Ben Smith.
17:55 of 3rd period - Shot Blocked by Brandon Kozun.
18:22 of 3rd period - Jordan LaVallee is hit by Tim Erixon and loses puck.
18:35 of 3rd period - Petr Vrana is hit by T.J Galiardi and loses puck.
18:40 of 3rd period - Snap shot by T.J Galiardi.
18:40 of 3rd period - Stopped by Justin Pogge with a rebound.
18:46 of 3rd period - Influenza, Thomas McCollum is pulled from the net.
19:04 of 3rd period - Troy Brouwer is hit by Jamie Benn and loses puck.
19:15 of 3rd period - Snap shot by Brian Gionta.
19:15 of 3rd period - Goal by Brian Gionta - Influenza : 3 - Ice Dragons : 5.
19:15 of 3rd period - Thomas McCollum from Influenza was sent back in the game.
19:16 of 3rd period - Patrick O'Sullivan wins face-off versus Charlie Coyle in neutral zone.
19:23 of 3rd period - Snap shot by Jeremy Morin.
19:23 of 3rd period - Shot Misses the Net.
19:25 of 3rd period - Wrist shot by Carl Gunnarsson.
19:25 of 3rd period - Shot Misses the Net.
19:31 of 3rd period - Snap shot by Jeremy Morin.
19:31 of 3rd period - Shot Blocked by Joe Callahan.
19:53 of 3rd period - Patrick O'Sullivan is hit by Ryan Carter and loses puck.
Goals for this period are 1 for Influenza vs 2 for Ice Dragons.
Shots for this period are 8 for Influenza vs 7 for Ice Dragons.
Back to the Top